AoeStats
← Edmond.

Lombardia

509424711Analyzed
2v2 RM · 5d ago on Sep 26, 2026· 46m 4s· 4 players
Game mode
Random Map
Map size
Medium (4 player)
Population
200
Speed
Normal
Resources
Standard
Victory
Conquest
Starting age
Dark Age
Ending age
Imperial Age
RankedLock teamsTeams togetherTeam positionsShared explorationLock speedFull tech treeHidden civsTurbo modeCheats
Victory
Defeat
🇨🇭 Franks · Switzerland
1117
+16
🇨🇭 Magyars · Switzerland
1094
+18
🇨🇳 Varangians · China
1125
-17
🇨🇳 Hindustanis · China
1116
-17
Hankthetank
6:38 Loom
9:28 Feudal Age
10:09 Double-Bit Axe
18:33 Wheelbarrow
21:47 Castle Age
20:47 Scale Barding Armor
20:52 Forging
21:31 Gold Mining
22:58 Chain Barding Armor
23:14 Iron Casting
23:05 Bow Saw
23:20 Husbandry
32:05 Light Cavalry
36:38 Gold Shaft Mining
40:14 Imperial Age
38:53 Hand Cart
40:21 Cavalier
41:38 Plate Barding Armor
42:03 Blast Furnace
43:37 Caravan
43:30 Paladin
schuldus
3:20 Loom
10:00 Feudal Age
10:45 Double-Bit Axe
10:49 Horse Collar
18:35 Gold Mining
21:38 Castle Age
20:40 Fletching
22:07 Bloodlines
22:02 Town Watch
23:01 Husbandry
23:03 Bodkin Arrow
24:20 Bow Saw
29:19 Ballistics
29:02 Heavy Plow
29:55 Wheelbarrow
29:31 Padded Archer Armor
31:29 Thumb Ring
36:01 Corvinian Army
39:57 Imperial Age
38:29 Scale Barding Armor
39:33 Chain Barding Armor
41:08 Parthian Tactics
40:46 Bracer
41:03 Recurve Bow
42:36 Heavy Cavalry Archer
44:02 Conscription
45:18 Leather Archer Armor
45:40 Plate Barding Armor
Edmond.
7:11 Loom
9:38 Feudal Age
11:49 Double-Bit Axe
12:40 Bloodlines
15:58 Horse Collar
21:55 Gold Mining
24:21 Castle Age
24:28 Scale Barding Armor
25:11 Husbandry
25:51 Chain Barding Armor
28:42 Forging
31:45 Iron Casting
39:05 Bow Saw
38:58 Vendel Legacy
42:21 Wheelbarrow
46:16 Imperial Age
45:01 Fletching
45:57 Scale Mail Armor
Bar
10:45 Feudal Age
9:10 Loom
10:55 Feudal Age
15:12 Castle Age
13:24 Double-Bit Axe
13:29 Horse Collar
19:05 Bow Saw
21:48 Scale Mail Armor
21:53 Squires
21:49 Stone Mining
24:03 Wheelbarrow
23:42 Gold Mining
23:38 Elite Skirmisher
24:19 Padded Archer Armor
25:09 Fletching
28:38 Bodkin Arrow
30:42 Ballistics
30:51 Forging
33:28 Town Watch
35:18 Grand Trunk Road
36:16 Leather Archer Armor
36:39 Iron Casting
36:11 Scale Barding Armor
37:14 Gold Shaft Mining
37:38 Husbandry
37:53 Bloodlines
38:23 Fortified Wall
39:30 Heavy Plow
40:39 Chain Barding Armor
43:37 Stone Shaft Mining
44:22 Chain Mail Armor
47:18 Imperial Age
44:50 Town Patrol
45:05 Hand Cart
46:07 Masonry
Connection lost

Rejoining the realm…

Still unreachable

The connection could not be restored.

Session expired

The server has moved on; the page needs a fresh start.